 Dungeon Crawl Stone Soup version 0.30-a0-845-g7c6808c (webtiles) character file.

Game seed: 1264061400852441789

77 Illumine the Covered (level 3, -1/31 HPs)
             Began as a Demigod Fighter on Mar 2, 2023.
             Slain by a gnoll
             ... wielding a +0 whip
              (3 damage)
             ... on level 3 of the Dungeon.
             The game lasted 00:01:29 (1667 turns).

Illumine the Covered (Demigod Fighter)              Turns: 1667, Time: 00:01:29

Health: -1/31      AC:  9    Str: 21    XL:     3   Next: 92%
Magic:  5/5        EV:  7    Int: 10    God:
Gold:   146        SH:  4    Dex: 13    Spells: 2/2 levels left

rFire   . . .      SeeInvis .    a - +0 war axe
rCold   . . .      Faith    .    c - +0 buckler
rNeg    . . .      Spirit   .    n - +0 chain mail
rPois   .          Reflect  .    (no helmet)
rElec   .          Rampage  .    (no cloak)
rCorr   .                        (no gloves)
Will    .....                    (no boots) Stlth
                                 (no amulet)
HPRegen 0.25/turn                (no ring)
MPRegen 0.09/turn                (no ring)

@: no status effects
A: high MP 1, forlorn, divine attributes
a: no special abilities


You were on level 3 of the Dungeon.
You visited 1 branch of the dungeon, and saw 3 of its levels.

You collected 146 gold pieces.

Inventory:

Hand Weapons
 a - a +0 war axe (weapon)
Missiles
 g - 5 boomerangs of dispersal (quivered)
Armour
 b - a +0 scale mail
 c - a +0 buckler (worn)
 n - a +0 chain mail (worn)
Scrolls
 j - a scroll of enchant weapon {unknown}
 k - a scroll of blinking {unknown}
 o - a scroll of teleportation {unknown}
 r - a scroll of identify {unknown}
Potions
 d - a potion of might
 e - a potion of lignification {unknown}
 f - a potion of berserk rage {unknown}
 h - 2 potions of degeneration {unknown}
 i - a potion of ambrosia {unknown}
 l - a potion of resistance {unknown}
 m - a potion of curing {unknown}
 p - a potion of brilliance {unknown}
 q - a potion of heal wounds {unknown}


   Skills:
 + Level 3.1 Fighting
 * Level 2.8 Axes
 + Level 3.2 Armour
 + Level 3.1 Shields


You had 2 spell levels left.
You didn't know any spells.
Your spell library contained the following spells:

 Spells                   Type           Power      Damage    Failure   Level
 Shock                    Conj/Air       0%         1d3       99%         1
 Swiftness                Air            0%         N/A       100%        3
 Airstrike                Air            0%         2d(0-16)  100%        4


Dungeon Overview and Level Annotations

Branches:
Dungeon (3/15)


Innate Abilities, Weirdness & Mutations

You have an increased reservoir of magic. (+10% MP)
You shall have no god before yourself.
Your divine heritage dramatically boosts your attributes as you level up.


Message History

The gnoll burns you. The gnoll completely misses you.
You hit the gnoll.
You kill the gnoll!
You see here a +2 spear of flaming.
You start resting.
HP restored.
Found a hand axe.
The gnoll shouts!
A gnoll opens the door.
A gnoll sergeant comes into view. It is wielding a +0 trident.
The gnoll sergeant shouts!
A gnoll comes into view.
It is wielding a +0 halberd of protection.
You see here a fuming red potion.
h - 2 fuming red potions (gained 1)
The gnoll shouts!
You see here a +2 spear of flaming.
There is a stone staircase leading up here.
There is a stone staircase leading down here.
The gnoll hits you with a +0 whip.
The gnoll sergeant hits you from afar with a +0 trident!
You climb downwards.
The endoplasm barely misses you.
There is a stone staircase leading up here.
You closely miss the gnoll. You slash the endoplasm!
You kill the endoplasm!
The gnoll hits you with a +0 whip. x2
You closely miss the gnoll. The gnoll hits you but does no damage.
You are too injured to fight recklessly!
You are too injured to fight recklessly!
You hit the gnoll.
The gnoll is moderately wounded.
The gnoll hits you with a +0 whip!
* * * LOW HITPOINT WARNING * * *
You hit the gnoll but do no damage.
The gnoll is moderately wounded.
The gnoll hits you but does no damage. The gnoll hits you with a +0 whip.
* * * LOW HITPOINT WARNING * * *
You closely miss the gnoll.
The gnoll is moderately wounded.
The gnoll hits you with a +0 whip.
You die...

#.#......##..# .
#........##..#
###..........#
#......##..#
###+#####..###
#..........#
#..###...##....
#.##..###...##.#.#
#......@..........
#.......g...##.#.
#................
#.##..####...#...
. .... .......
.##.. ...#!.. # #.
...... ## ....


You could see a gnoll.

Vanquished Creatures
  3 gnolls
  A dart slug (D:2)
  7 bats
  7 endoplasms
  3 hobgoblins
  8 kobolds
  4 quokkas
  4 ball pythons (D:1)
  3 frilled lizards (D:1)
  2 goblins
  4 rats
46 creatures vanquished.

Notes
Turn   | Place    | Note
-------+----------+-------------------------------------------
     0 | D:1      | Illumine the Demigod Fighter began the quest for the Orb.
     0 | D:1      | Reached XP level 1. HP: 18/18 MP: 3/3
   179 | D:1      | Reached XP level 2. HP: 22/25 MP: 4/4
   894 | D:2      | You fall into a shaft and drop 1 floor!
   998 | D:2      | Reached XP level 3. HP: 29/30 MP: 5/5
  1634 | D:2      | Noticed a gnoll sergeant
  1667 | D:3      | Slain by a gnoll

Illustrated notes

Levels and vault maps discovered:
D:1:      giann_horns, layout_basic, kennysheep_another_room
D:2:      layout_loops_ring, pf_guarded_unrand_woodcutter
D:3:      layout_basic, supply_closet_lemuel, minmay_vboxes

Skill      XL: |  1  2  3 |
---------------+----------+-----
Axes           | 2 |  2.8
Armour         | 3 |  3.2
Shields        | 3 |  3.1
Fighting       | 3 |  3.1

Action                     || total
---------------------------++-------
  Melee: War axe           ||   128
 Armour: Scale mail        ||    39
         Chain mail        ||    28
  Dodge: Dodged            ||    54
  Block: Buckler           ||    28

Table legend: (Time is in decaauts)
 A = Elapsed time spent in this place.
 B = Non-inter-level travel time spent in this place.
 C = Inter-level travel time spent in this place.
 D = Time resting spent in this place.
 E = Time spent auto-exploring this place.
 F = Levels seen in this place.
 G = Mean time per level.
                   A        B        C        D        E       F      G
               +--------+--------+--------+--------+--------+-----+--------+
         Total |   1721 |   1693 |     28 |    134 |   1129 |   3 |  573.7 |
       Dungeon |   1721 |   1693 |     28 |    134 |   1129 |   3 |  573.7 |
               +--------+--------+--------+--------+--------+-----+--------+

Top non-repeatable levels by time:
     D:1: 973 daAuts
     D:2: 674 daAuts
     D:3: 73 daAuts
